 Dungeon Crawl Stone Soup version 0.30.1-11-g7821555f0a (webtiles) character file.

Game seed: 9128731262720583779

89 Martska the Insei (level 4, 0/49 HPs)
             Began as a Human Transmuter on Dec 10, 2023.
             Slain by a kobold
             ... wielding a +0 whip
              (2 damage)
             ... on level 3 of the Dungeon.
             The game lasted 00:02:39 (1473 turns).

Martska the Insei (Human Transmuter)                Turns: 1473, Time: 00:02:40

Health: 0/49       AC: 22    Str: 13    XL:     4   Next: 84%
Magic:  7/7        EV:  2    Int: 13    God:
Gold:   166        SH:  0    Dex: 13    Spells: 6/7 levels left

rFire   . .          .
                       - Unarmed
rCold   . . .        (no shield)
rNeg    + . .        a - melded +0 robe
rPois   +            (helmet currently unavailable)
rElec   .            (cloak currently unavailable)
rCorr   .            (gloves currently unavailable)
SInv    .            (boots currently unavailable)
Will    +....        (no amulet)
Stlth   +            j - ring of positive energy
HPRegen 0.28/turn    o - ring of willpower
MPRegen 0.10/turn

%: no passive effects
@: tree-form
A: stationary, stasis, torment immunity, boosted hp
a: no special abilities


You were on level 3 of the Dungeon.
You were a tree.
You visited 1 branch of the dungeon, and saw 3 of its levels.

You collected 166 gold pieces.

Inventory:

Armour
 a - a +0 robe (melded)
Jewellery
 j - a ring of positive energy (left branch)
 o - a ring of willpower (right branch)
 p - a ring of magical power
 q - a ring of magical power
Scrolls
 d - a scroll of vulnerability {unknown}
 e - a scroll of fog {unknown}
 f - 4 scrolls of identify {unknown}
 h - 2 scrolls of amnesia {unknown}
 l - a scroll of teleportation {unknown}
 m - a scroll of fear {unknown}
Potions
 b - a potion of lignification
 c - a potion of haste {unknown}
 g - 2 potions of resistance {unknown}
 i - a potion of flight {unknown}
 k - a potion of heal wounds {unknown}
 n - a potion of brilliance {unknown}
 r - a potion of berserk rage {unknown}


   Skills:
 * Level 2.2 Fighting
 * Level 2.9 Dodging
 * Level 3.6 Unarmed Combat
 + Level 2.4 Spellcasting
 + Level 2.3 Transmutations


You had 6 spell levels left.
You knew the following spells:

 Your Spells              Type           Power      Damage    Failure   Level
a - Beastly Appendage     Tmut           14%        N/A       10%         1

Your spell library contained the following spells:

 Spells                   Type           Power      Damage    Failure   Level
 Wereblood                Tmut           7%         N/A       14%         2
 Spider Form              Tmut/Pois      4%         N/A       41%         3
 Ice Form                 Ice/Tmut       4%         N/A       83%         4


Dungeon Overview and Level Annotations

Branches:
Dungeon (3/15)

Altars:


Message History

You hit the bat.
You kill the bat!
You hit the kobold but do no damage. The kobold hits you with a +0 whip.
You hit the goblin.
The goblin is heavily wounded.
An adder comes into view.
The kobold closely misses you. The goblin hits you with a +0 club.
You miss the goblin.
The goblin is heavily wounded.
The adder hisses angrily.
The kobold hits you with a +0 whip. The goblin hits you with a +0 club.
You hit the goblin.
You kill the goblin!
The kobold misses you.
You barely miss the kobold. The kobold hits you with a +0 whip.
You hit the worm.
The worm is moderately wounded.
The kobold barely misses you.
There are monsters nearby!
There are monsters nearby!
You hit the worm.
The worm is moderately wounded.
The worm bites you! The kobold hits you with a +0 whip.
* * * LOW HITPOINT WARNING * * *
An adder comes into view.
The adder attacks as you move away! The adder bites you.
* * * LOW HITPOINT WARNING * * *
The adder hisses angrily.
The adder closely misses you. The adder bites you.
* * * LOW HITPOINT WARNING * * *
You turn into a tree.
Your +0 robe melds into your body.
Your roots penetrate the ground.
The adder bites you but does no damage.
A hobgoblin comes into view. It is wielding a +0 club.
The kobold barely misses you.
You barely miss the kobold. The adder bites you but does no damage.
The kobold hits you but does no damage.
You barely miss the kobold. The adder bites you but does no damage.
The kobold hits you with a +0 whip.
You die...

### #..
########.#######
..$.............
.S...##♣####### ##
#SwSK....g....# .(
...#.†.......###.# ..
#.........## #.##.
#...#..†.†...# #...
#####.##.##### #..#
.....##.### #..#
........).## ###..#
#.######...###....####


You could see a worm, 2 adders, a hobgoblin and a kobold.

Vanquished Creatures
  4 adders
  A worm (D:2)
  2 dart slugs (D:2)
  4 endoplasms
  A giant cockroach (D:1)
  6 goblins
  4 hobgoblins
  2 jackals (D:2)
  2 ball pythons
  5 bats
  7 frilled lizards
  5 kobolds
  6 rats
49 creatures vanquished.

Notes
Turn   | Place    | Note
-------+----------+-------------------------------------------
     0 | D:1      | Martska the Human Transmuter began the quest for the Orb.
     0 | D:1      | Reached XP level 1. HP: 15/15 MP: 3/3
   229 | D:1      | Found a faded altar of an unknown god.
   268 | D:1      | Reached XP level 2. HP: 21/21 MP: 5/5
   619 | D:2      | Reached XP level 3. HP: 15/26 MP: 6/6
  1032 | D:2      | Reached XP level 4. HP: 33/33 MP: 7/7
  1469 | D:3      | HP: 1/33 [adder (4)]
  1473 | D:3      | Slain by a kobold

Illustrated notes

Levels and vault maps discovered:
D:1:      elethiomel_arrival_quiet, layout_rooms,
          shapermc_ecumenical_altar_starsandcircs
D:2:      layout_rooms
D:3:      layout_rooms, minmay_distorted

Skill      XL: |  1  2  3  4 |
---------------+-------------+-----
Fighting       | 2 |  2.2
Dodging        | |  2.9
Unarmed Combat | |  3.6
Spellcasting   | |  2.4
Transmutations | |  2.3

Action                     |  1- 3 |  4- 6 || total
---------------------------+-------+-------++-------
  Melee: Unarmed           |   102 |    66 ||   168
         Kick              |    18 |     2 ||    20
         Headbutt          |     5 |     1 ||     6
         Punch             |     1 |     1 ||     2
   Cast: Beastly Appendage |     8 |     2 ||    10
    Use: Potion            |       |     1 ||     1
   Stab: Sleeping          |       |     1 ||     1
 Armour: Robe              |    21 |     7 ||    28
         Skin              |       |     4 ||     4
  Dodge: Dodged            |    68 |    40 ||   108
